 Dungeon Crawl Stone Soup version 0.20.1-1-g8b1a95d (webtiles) character file.

66 vatarom the Sneak (level 3, -2/15 HPs)
             Began as a Felid Transmuter on Sept 1, 2017.
             Killed from afar by Natasha (7 damage)
             ... with a magic dart
             ... on level 2 of the Dungeon.
             The game lasted 00:03:45 (1759 turns).

vatarom the Sneak (Felid Transmuter)                Turns: 1759, Time: 00:03:46

Health: -2/15      AC:  1    Str:  7    XL:     3   Next: 96%
Magic:  2/7        EV: 18    Int: 14    God:
Gold:   78         SH:  0    Dex: 16    Spells: 3/6 levels left
                                        Lives:  0   Deaths: 0

rFire    . . .     SeeInvis +     - Unarmed
rCold    . . .     Gourm    .   (shield unavailable)
rNeg     . . .     Faith    .   (armour unavailable)
rPois    .         Spirit   .   (helmet unavailable)
rElec    .         Reflect  .   (cloak unavailable)
rCorr    .         Harm     .   (gloves unavailable)
MR       .....                  (boots unavailable)
Stlth    +++.......             (no amulet)
Regen    0.1/turn               (no ring)
MPRegen  0.1/turn               (no ring)

@: slowed, slow
A: no armour, no weapons or thrown items, stealth, claws 1, fangs 3, see
invisible, carnivore 3, speed 1, shaggy fur 1, slow metabolism 1, sharp paws
a: no special abilities


You were on level 2 of the Dungeon.
You were very full.

You visited 1 branch of the dungeon, and saw 2 of its levels.

You collected 78 gold pieces.

Inventory:

Missiles
 a - 15 arrows
Potions
 d - a potion of resistance
Books
 b - a book of Changes

   Spells                             Type                      Level
   a - Beastly Appendage              Transmutation                1
   b - Sticks to Snakes               Transmutation                2
   c - Spider Form                    Transmutation/Poison         3
   d - Ice Form                       Ice/Transmutation            4
   e - Blade Hands                    Transmutation                5
Comestibles
 c - 2 meat rations
 f - 3 chunks of flesh
 g - a royal jelly


   Skills:
 - Level 1.0 Fighting
 - Level 2.6 Dodging
 - Level 4.0 Stealth
 + Level 3.9 Unarmed Combat
 - Level 2.0 Spellcasting
 - Level 2.1 Transmutations


You had 3 spell levels left.
You knew the following spells:

 Your Spells              Type           Power        Failure   Level  Hunger
a - Beastly Appendage     Tmut           #.....       10%         1    ##.....
b - Sticks to Snakes      Tmut           #.......     14%         2    ###....


Dungeon Overview and Level Annotations

Branches:
Dungeon (2/15)

Altars:
Ashenzari

Annotations:
D:2 Natasha


Innate Abilities, Weirdness & Mutations

You cannot wear armour.
You are incapable of wielding weapons or throwing items.
Your paws allow you to move quietly. (Stealth)
You have sharp claws.
You have razor-sharp teeth.
You have supernaturally acute eyesight. (SInv)
You are carnivorous and can eat meat at any time.
You cover ground quickly.
You are covered in fur. (AC +1)
You have a slow metabolism.
Your sharp claws are effective at attacking unaware monsters.


Message History

The white imp shouts, "Crawl home, thou artless beetle-headed guttersnipe!"
The white imp gestures at you. The puff of frost hits your adder.
Your adder dies!
Natasha stares at you and mumbles some strange words.
You feel yourself slow down.
Natasha howls an incantation.
Natasha shimmers violently.
Natasha mumbles some strange words.
Okay, then.
Your horns disappear.
Okay, then.
The white imp looks more healthy.
Natasha zaps a wand.
Some rock shatters into small pieces.
It is a wand of digging (?/24).
The white imp disappears in a puff of smoke!
The crimson imp blinks!
Natasha stares at you and mumbles some strange words.
The magic dart hits you!
You die...

#.# #.# #.##### #.....# ##
..###.##.# #.###...# ##
#..####.##.###
##############.#.###...#...
#.........@.§h5..§.........
#.###.....##.#......##.#...
#.# #.....##.###....##.#..#
#.###.....##.# #..#.##.#...
#.##.....###5###..#.##.#...
#.##........).....#.##_####
#.##.#######.####...#.....#
#.##.# #.# ###.##.....
#.##.#######.## #.##<#


You could see Natasha and a white imp.

Vanquished Creatures
  Natasha (D:2)
  A gnoll (D:1)
  An ooze (D:2)
  A dart slug (D:1)
  A leopard gecko (D:2)
  3 giant cockroaches (D:1)
  3 goblins
  5 hobgoblins
  A quokka (D:2)
  4 bats
  A frilled lizard (D:1)
  4 kobolds (D:1)
  4 rats
30 creatures vanquished.

Vanquished Creatures (collateral kills)
  A worm (D:2)
1 creature vanquished.

Grand Total: 31 creatures vanquished

Notes
Turn   | Place    | Note
-------+----------+-------------------------------------------
     0 | D:1      | vatarom the Felid Transmuter began the quest for the Orb.
     0 | D:1      | Reached XP level 1. HP: 9/9 MP: 4/4
    48 | D:1      | Reached skill level 1 in Stealth
   253 | D:1      | Reached skill level 2 in Stealth
   272 | D:1      | Reached XP level 2. HP: 9/12 MP: 4/6
   600 | D:1      | Reached skill level 3 in Stealth
   809 | D:1      | Learned a level 2 spell: Sticks to Snakes
  1101 | D:1      | Reached skill level 4 in Stealth
  1101 | D:1      | Reached XP level 3. HP: 15/15 MP: 7/7
  1422 | D:2      | Found a faded altar of an unknown god.
  1596 | D:2      | Found a shattered altar of Ashenzari.
  1605 | D:2      | Noticed Natasha
  1613 | D:2      | Killed Natasha
  1736 | D:2      | Noticed Natasha
  1759 | D:2      | Killed from afar by Natasha

Skill      XL: |  1  2 |
---------------+-------+-----
Stealth        | 2 4 |  4.0
Fighting       | |  1.0
Dodging        | |  2.6
Unarmed Combat | |  3.9
Spellcasting   | |  2.0
Transmutations | |  2.1

Action                   || total
-------------------------++-------
Melee: Unarmed           ||    88
       Bite              ||    10
       Headbutt          ||     5
 Cast: Beastly Appendage ||     8
       Sticks to Snakes  ||     8
  Use: Scroll            ||     5
       Potion            ||     1
 Stab: Sleeping          ||     9
       Distracted        ||     1
  Eat: Chunk             ||     9
Armor: Skin              ||     4
Dodge: Dodged            ||    65
